AoeStats
← OctopusRewind

Four Lakes

508085569Analyzed
1v1 RM · 12d ago on Sep 20, 2026· 21m 46s· 2 players
Game mode
Random Map
Map size
Tiny (2 player)
Population
200
Speed
Normal
Resources
Standard
Victory
Conquest
Starting age
Dark Age
Ending age
Imperial Age
RankedLock teamsTeams togetherTeam positionsShared explorationLock speedFull tech treeHidden civsTurbo modeCheats
Victory
Defeat
🇮🇪 Italians · Ireland
515
+19
🇺🇸 Jurchens · United States
588
-39
carts_dare_01
7:06 Loom
13:10 Feudal Age
14:22 Double-Bit Axe
14:49 Fishing Lines
20:18 Castle Age
19:06 Padded Archer Armor
19:07 Scale Mail Armor
19:18 Forging
18:31 Man-at-Arms
21:05 Stone Mining
21:50 Bow Saw
21:42 Gillnets
22:09 Gold Mining
OctopusRewind
2:26 Loom
4:06 Loom
19:13 Feudal Age
20:41 Horse Collar
Connection lost

Rejoining the realm…

Still unreachable

The connection could not be restored.

Session expired

The server has moved on; the page needs a fresh start.